 Dungeon Crawl Stone Soup version 0.20-a0-1018-ge435b50 (webtiles) character file.

7222 George the Carver (level 10, -3/90 HPs)
             Began as a Minotaur Fighter on Apr 17, 2017.
             Was an Elder of Makhleb.
             Slain by Snorg (8 damage)
             ... on level 10 of the Dungeon.
             The game lasted 00:18:01 (8033 turns).

George the Carver (Minotaur Fighter)                Turns: 8033, Time: 00:18:02

Health: -3/90      AC: 18    Str: 23    XL:     10   Next: 87%
Magic:  13/13      EV:  8    Int:  5    God:    Makhleb [****..]
Gold:   692        SH: 15    Dex: 11    Spells: 9/9 levels left

rFire    + . .     SeeInvis .   a - +1 long sword
rCold    + . .     Gourm    .   c - +0 shield
rNeg     . . .     Faith    .   v - +0 plate armour
rPois    .         Spirit   .   A - +0 hat
rElec    .         Reflect  +   H - scarf {rC+}
rCorr    .         Harm     .   z - +1 pair of gloves
MR       .....                  G - +1 pair of boots
Stlth    ..........             C - +4 amulet of reflection
Regen    0.3/turn               n - ring of protection from fire
MPRegen  0.2/turn               (no ring)

@: hasted, very quick
A: retaliatory headbutt, horns 2
a: Minor Destruction, Lesser Servant of Makhleb, Major Destruction, Renounce
Religion


You were on level 10 of the Dungeon.
You worshipped Makhleb.
Makhleb was greatly pleased with you.
You were hungry.

You visited 2 branches of the dungeon, and saw 11 of its levels.

You collected 692 gold pieces.

Inventory:

Hand Weapons
 a - a +1 long sword (weapon)
 m - a +3 short sword of venom
Missiles
 E - a throwing net
 J - 3 javelins (quivered)
Armour
 c - a +0 shield (worn)
 v - a +0 plate armour (worn)
 z - a +1 pair of gloves (worn)
 A - a +0 hat (worn)
 G - a +1 pair of boots (worn)
 H - a scarf of cold resistance (worn)
Jewellery
 n - a ring of protection from fire (left hand)
 C - a +4 amulet of reflection (around neck)
Wands
 j - a wand of polymorph (14/24)
 k - a wand of paralysis (3/24)
 I - a wand of polymorph (13/24)
Scrolls
 g - 5 scrolls of enchant weapon
 r - 4 scrolls of recharging {unknown}
 s - a scroll of noise {unknown}
 t - 3 scrolls of magic mapping {unknown}
 w - a scroll of random uselessness {unknown}
 x - 3 scrolls of remove curse
 y - a scroll of blinking {unknown}
 F - a scroll of fog {unknown}
 L - 3 scrolls of teleportation {unknown}
Potions
 b - a potion of heal wounds
 d - 2 potions of might
 e - a potion of ambrosia
 h - 3 potions of invisibility
 i - 4 potions of curing
 l - 2 potions of agility
 B - a potion of cancellation {unknown}
 D - 3 potions of mutation {unknown}
 K - a potion of berserk rage {unknown}
Comestibles
 f - 7 bread rations
 p - 9 meat rations
 q - 6 fruits
 u - 4 royal jellies


   Skills:
 + Level 8.5 Fighting
 * Level 11.0 Long Blades
 + Level 8.4 Armour
 + Level 7.0 Dodging
 + Level 8.3 Shields
 + Level 6.0 Invocations


You had 9 spell levels left.
You didn't know any spells.

Dungeon Overview and Level Annotations

Branches:
Dungeon (10/15)            Temple (1/1) D:7             Orc (0/2) D:9
   Lair: D:8-11

Altars:
Ashenzari
Cheibriados
Dithmenos
Elyvilon
Fedhas
Gozag
Hepliaklqana
Kikubaaqudgha
Makhleb
Nemelex Xobeh
Okawaru
Qazlal
Ru
Sif Muna
Trog
Uskayaw
Vehumet
Wu Jian
Xom
Yredelemnul
Zin
The Shining One

Annotations:
D:10 Snorg


Innate Abilities, Weirdness & Mutations

You reflexively headbutt those who attack you in melee.
You have a pair of horns on your head.


Message History

You see here 14 stones.
Snorg rages.
Snorg rages.
Snorg rages.
Okay, then.
Snorg is no longer berserk.
You are feeling hungry.
You slice Snorg!!
Snorg is heavily wounded.
Your shield and plate armour prevent you from hitting Snorg.
Snorg is heavily wounded.
Snorg bites you.
* * * LOW HITPOINT WARNING * * *
Snorg barely misses you. Snorg claws you but does no damage.
Your plate armour prevents you from hitting Snorg.
Snorg is heavily wounded.
You slash Snorg! You headbutt Snorg!
Snorg is almost dead.
Snorg bites you!
You die...

#.#.####.####.#.#.####.###
#.#....#.#....#.#....#.#..
#.####.#.#.####.####.#.#.#
#......#.#...........#(#..
#.######.#############.###
#)))......................
##..##....(.##############
##.##..).T.# #.##(.รท@..#
#.#.....###
#.#......#######
#.#.<....##....# #
#.##.....##....#########
#....))..##.............
####...)###.............
........................
#.###...(##..............


You could see Snorg.

Vanquished Creatures
  Pikel (D:6)
  A cyclops (D:10)
  Maurice (D:9)
  A gargoyle (D:10)
  A troll (D:10)
  Prince Ribbit (D:10)
  4 slime creatures
  Eustachio (D:5)
  A wyvern (D:9)
  Edmund (D:6)
  Menkaure (D:6)
  A water moccasin (D:5)
  2 slaves (D:6)
  A black bear (D:7)
  5 orc warriors
  3 ice beasts
  4 ogres
  2 centaurs
  2 phantoms
  7 bullfrogs
  2 big kobolds (D:7)
  4 scorpions
  6 killer bees (D:10)
  3 wights (D:9)
  2 howler monkeys (D:9)
  2 crimson imps
  6 hounds
  A bullfrog skeleton (D:8)
  5 orc priests
  A centaur skeleton (D:9)
  A gnoll shaman (D:8)
  Crazy Yiuf (D:2)
  Terence (D:2)
  3 iguanas
  5 orc wizards
  Ijyb (D:3)
  5 worker ants
  2 killer bee zombies
  A hound zombie (D:5)
  A hound skeleton (D:8)
  Robin (D:3)
  5 adders
  11 gnolls
  A shadow imp (D:6)
  2 oozes
  2 worms
  A dart slug (D:4)
  3 leopard geckos
  32 orcs
  3 bat zombies (D:6)
  6 giant cockroaches
  19 goblins
  9 hobgoblins
  4 jackals
  3 quokkas
  8 bats
  3 frilled lizards
  A giant cockroach zombie (D:5)
  A jackal skeleton (D:8)
  A jackal zombie (D:6)
  11 kobolds
  2 leopard gecko skeletons
  A leopard gecko zombie (D:8)
  A quokka skeleton (D:8)
  3 rats
  2 rat zombies (D:6)
  A fungus (D:2)
231 creatures vanquished.

Notes
Turn   | Place    | Note
-------+----------+-------------------------------------------
     0 | D:1      | George the Minotaur Fighter began the quest for the Orb.
     0 | D:1      | Reached XP level 1. HP: 19/19 MP: 0/0
   216 | D:1      | Reached skill level 3 in Long Blades
   216 | D:1      | Reached XP level 2. HP: 27/27 MP: 1/1
   827 | D:2      | Found a stormy altar of Qazlal.
   829 | D:2      | Found a burning altar of Makhleb.
   829 | D:2      | Found a sparkling altar of Nemelex Xobeh.
   833 | D:2      | Reached XP level 3. HP: 33/33 MP: 2/2
   834 | D:2      | Noticed Terence
   837 | D:2      | Found a deep blue altar of Sif Muna.
   850 | D:2      | Killed Terence
   850 | D:2      | Reached skill level 1 in Dodging
   889 | D:2      | Found a hide-covered altar of Uskayaw.
  1086 | D:2      | Became a worshipper of Makhleb the Destroyer
  1379 | D:2      | Reached XP level 4. HP: 40/40 MP: 3/3
  1426 | D:2      | Found a runed door.
  1430 | D:2      | Noticed Crazy Yiuf
  1435 | D:2      | Killed Crazy Yiuf
  1477 | D:3      | Noticed Robin
  1487 | D:3      | Reached skill level 4 in Long Blades
  1516 | D:3      | Killed Robin
  1555 | D:3      | Noticed Ijyb
  1572 | D:3      | Killed Ijyb
  1572 | D:3      | Reached XP level 5. HP: 32/46 MP: 4/4
  1953 | D:3      | Noticed an ogre
  1963 | D:3      | Reached * piety under Makhleb
  1977 | D:3      | Killed an ogre
  1977 | D:3      | Reached skill level 1 in Invocations
  2093 | D:3      | Reached XP level 6. HP: 53/53 MP: 6/6
  2183 | D:4      | Reached skill level 5 in Long Blades
  2307 | D:4      | Reached skill level 5 in Armour
  2453 | D:4      | Reached ** piety under Makhleb
  2481 | D:4      | Reached XP level 7. HP: 55/60 MP: 7/7
  2531 | D:4      | Reached skill level 5 in Shields
  2730 | D:5      | Entered Level 5 of the Dungeon
  2754 | D:5      | Reached skill level 5 in Fighting
  3410 | D:5      | Reached skill level 6 in Long Blades
  3578 | D:5      | Noticed Eustachio
  3599 | D:5      | Killed Eustachio
  3828 | D:5      | Reached XP level 8. HP: 65/69 MP: 8/8
  4315 | D:6      | Reached skill level 7 in Long Blades
  4529 | D:6      | Noticed Edmund
  4540 | D:6      | Killed Edmund
  4560 | D:6      | Noticed Menkaure
  4569 | D:6      | Killed Menkaure
  4741 | D:6      | Found an ancient bone altar of Kikubaaqudgha.
  4818 | D:6      | Noticed Pikel
  4859 | D:6      | Killed Pikel
  4859 | D:6      | Reached skill level 8 in Long Blades
  4859 | D:6      | Reached skill level 5 in Dodging
  4859 | D:6      | Reached XP level 9. HP: 42/78 MP: 9/11
  5241 | D:7      | Found a staircase to the Ecumenical Temple.
  5313 | Temple   | Entered the Ecumenical Temple
  5533 | D:7      | Reached *** piety under Makhleb
  5583 | D:7      | Reached skill level 9 in Long Blades
  5881 | D:7      | Reached skill level 5 in Invocations
  6107 | D:8      | Reached XP level 10. HP: 86/86 MP: 12/12
  6277 | D:8      | Found a shattered altar of Ashenzari.
  6392 | D:8      | Noticed Prince Ribbit
  6823 | D:9      | Reached **** piety under Makhleb
  6833 | D:9      | Reached skill level 10 in Long Blades
  6935 | D:9      | Found a staircase to the Orcish Mines.
  7087 | D:9      | Found an ornate altar of the Wu Jian Council.
  7466 | D:9      | Noticed Maurice
  7477 | D:9      | Killed Maurice
  7511 | D:9      | Found a shattered altar of Ashenzari.
  7586 | D:10     | Entered Level 10 of the Dungeon
  7681 | D:10     | Noticed a cyclops
  7686 | D:10     | Killed Prince Ribbit
  7693 | D:10     | Killed a cyclops
  7759 | D:10     | Noticed a gargoyle
  7770 | D:10     | Killed a gargoyle
  7816 | D:10     | Reached skill level 11 in Long Blades
  7990 | D:10     | Noticed Snorg
  8003 | D:10     | HP: 4/90 [Snorg (3)]
  8003 | D:10     | HP: 1/90 [Snorg (3)]
  8033 | D:10     | Slain by Snorg

Vault maps used:
D:1:      lemuel_arrival_rhombus
D:2:      grunt_temple_overflow_open, uniq_terence, uniq_crazy_yiuf_cottage
D:3:      minmay_ogre_servants, uniq_iyjb, uniq_robin
D:5:      first_bread, uniq_eustachio
D:6:      lemuel_zombie_altar_kikubaaqudgha, uniq_edmund, uniq_pikel,
          uniq_menkaure
D:7:      minmay_temple_entry_statues_pillars, grunt_ogre_cave
D:8:      cheibrodos_ashenzari_chains, uniq_prince_ribbit1
D:9:      kennysheep_mini_moat, kennysheep_little_box, orc_0_dummy, uniq_maurice
D:10:     serial_shops, nicolae_shop_behind_doors, basic_altar,
          roderic_lattice_a, uniq_snorg
Temple:   zaba_magenta_temple

Skill      XL: |  1  2  3  4  5  6  7  8  9 10 |
---------------+-------------------------------+-----
Long Blades    | 3 4 5 6 8 9 11 | 11.0
Armour         | 4 5 6 7 8 |  8.4
Dodging        | 1 2 4 5 6 7 |  7.0
Shields        | 4 5 6 7 8 |  8.3
Fighting       | 4 5 6 7 8 |  8.5
Invocations    | 1 2 4 5 6 |  6.0

Action                   |  1- 3 |  4- 6 |  7- 9 | 10-12 || total
-------------------------+-------+-------+-------+-------++-------
Melee: Long sword        |    75 |   165 |   406 |   239 ||   885
       Headbutt          |     6 |    36 |    74 |    44 ||   160
Throw: Javelin           |       |       |       |     4 ||     4
Evoke: Wand              |       |       |     2 |       ||     2
  Use: Potion            |     2 |       |       |     1 ||     3
       Scroll            |       |     3 |     8 |       ||    11
 Stab: Paralysed         |       |       |     3 |       ||     3
  Eat: Chunk             |     1 |     4 |    11 |     6 ||    22
       Fruit             |       |       |     2 |       ||     2
Armor: Scale mail        |    27 |       |       |       ||    27
       Chain mail        |    12 |    75 |    94 |       ||   181
       Skin              |     2 |       |       |       ||     2
       Plate armour      |       |       |   121 |    79 ||   200
Dodge: Dodged            |    20 |    35 |    88 |    51 ||   194
Block: Shield            |    41 |    79 |   244 |   197 ||   561
       Reflection        |       |       |     1 |     6 ||     7
       Rpst.: Long sword |     5 |     9 |    24 |    14 ||    52
